 Dungeon Crawl Stone Soup version 0.25-a0-940-gc6eaff51cc (webtiles) character file.

Game seed: 15386770943869423322, levelgen mode: deterministic

11738 kae the Bludgeoner (level 11, -5/104 HPs)
             Began as a Minotaur Fighter on May 5, 2020.
             Was a High Priest of Okawaru.
             Slain by an orc warrior
             ... wielding a +0 glaive
              (14 damage)
             ... on level 10 of the Dungeon.
             The game lasted 00:09:48 (11157 turns).

kae the Bludgeoner (Minotaur Fighter)              Turns: 11157, Time: 00:09:48

Health: -5/104     AC: 19    Str: 23    XL:     11   Next: 53%
Magic:  6/6        EV:  3    Int:  6    God:    Okawaru [*****.]
Gold:   260        SH:  0    Dex: 20    Spells: 10/10 levels left

rFire    . . .     SeeInvis .   o - +2 great mace (freeze)
rCold    . . .     Gourm    +   (shield currently unavailable)
rNeg     + + .     Faith    .   v - +1 crystal plate armour of Bainarph {rPois MP-9 Dex+10}
rPois    +         Spirit   .   (helmet restricted)
rElec    .         Reflect  .   (no cloak)
rCorr    .         Harm     .   j - +1 pair of gloves "Okaetwat" {rN+}
MR       .....                  (no boots)
Stlth    ..........             h - amulet of the gourmand
HPRegen  0.27/turn              t - ring of positive energy
MPRegen  0.10/turn              (no ring)

@: no status effects
A: retaliatory headbutt, horns 2
a: Heroism, Finesse, Renounce Religion


You were on level 10 of the Dungeon.
You worshipped Okawaru.
Okawaru was extremely pleased with you.
You were full.

You visited 2 branches of the dungeon, and saw 11 of its levels.

You collected 592 gold pieces.
You spent 332 gold pieces at shops.

Inventory:

Hand Weapons
 o - a +2 great mace of freezing (weapon)
 s - a +0 dire flail
Armour
 j - the +1 pair of gloves "Okaetwat" (worn) {rN+}
   (You bought it in a shop on level 8 of the Dungeon)

   It protects you from negative energy.
 n - a +0 plate armour
 v - the +1 crystal plate armour of Bainarph (worn) {rPois MP-9 Dex+10}
   (Okawaru gifted it to you on level 9 of the Dungeon)

   It affects your dexterity (+10).
   It protects you from poison.
   It affects your magic capacity (-9).
Jewellery
 h - an amulet of the gourmand (around neck)
 k - an uncursed ring of fire
 p - a +4 amulet of reflection
 t - a ring of positive energy (left hand)
Wands
 a - a wand of polymorph (7)
 i - a wand of clouds (2)
 w - a wand of digging (4)
 B - a wand of flame (1)
Scrolls
 b - a scroll of fear
 c - 4 scrolls of teleportation
 e - 2 scrolls of fog
 g - 5 scrolls of remove curse
 u - 2 scrolls of identify
 z - a scroll of amnesia
Potions
 d - a potion of degeneration
 m - a potion of stabbing {unknown}
 q - 2 potions of lignification {unknown}
 r - 2 potions of brilliance {unknown}
 x - a potion of magic {unknown}
Comestibles
 f - 12 rations


   Skills:
 + Level 12.0 Fighting
 * Level 15.6 Maces & Flails
 - Level 3.6 Armour
   Level 3.6 Shields
 + Level 7.5 Invocations


You had 10 spell levels left.
You didn't know any spells.
Your spell library contained the following spells:

 Spells                   Type           Power        Failure   Level  Hunger
 Beastly Appendage        Tmut           #.....       100%        1    ##.....
 Infusion                 Chrm           #...         100%        1    ##.....
 Magic Dart               Conj           #...         100%        1    ##.....
 Blink                    Tloc           N/A          100%        2    ###....
 Call Imp                 Summ           #.......     100%        2    ###....
 Shroud of Golubria       Chrm/Tloc      #.....       100%        2    ###....
 Slow                     Hex            #.......     100%        2    ###....
 Song of Slaying          Chrm           #.......     100%        2    ###....
 Sticks to Snakes         Tmut           #.......     100%        2    ###....
 Conjure Flame            Conj/Fire      #.......     100%        3    ####...
 Mephitic Cloud           Conj/Pois/Air  #.......     100%        3    ####...
 Ozocubu's Armour         Chrm/Ice       #.......     100%        3    ####...
 Spectral Weapon          Hex/Chrm       #.......     100%        3    ####...
 Spider Form              Tmut/Pois      #.........   100%        3    ####...
 Cause Fear               Hex            #.........   100%        4    #####..
 Ice Form                 Ice/Tmut       #.......     100%        4    #####..
 Blade Hands              Tmut           #.........   100%        5    ######.
 Silence                  Hex/Air        #.........   100%        5    ######.
 Yara's Violent Unravell  Hex/Tmut       #.........   100%        5    ######.
 Discord                  Hex            #.........   100%        8    #######


Dungeon Overview and Level Annotations

Branches:
Dungeon (10/15)            Temple (1/1) D:5            Lair (0/6) D:9
    Orc (0/2) D:9

Altars:
Ashenzari
Cheibriados
Dithmenos
Elyvilon
Fedhas
Gozag
Hepliaklqana
Kikubaaqudgha
Makhleb
Nemelex Xobeh
Okawaru
Qazlal
Ru
Sif Muna
Trog
Uskayaw
Vehumet
Wu Jian
Xom
Yredelemnul
Zin
The Shining One

Shops:
D:5 !%   D:6 *   D:8 [?!


Innate Abilities, Weirdness & Mutations

You reflexively headbutt those who attack you in melee.
You have a pair of horns on your head.


Message History

The two-headed ogre hits you with a +0 giant club!!
* * * LOW HITPOINT WARNING * * *
You bludgeon the two-headed ogre!! You freeze the two-headed ogre!
You kill the two-headed ogre!
Okawaru accepts your kill.
Your Fighting skill increases to level 12!
The orc warrior completely misses you.
You feel better.
You feel better.
The orc warrior hits you but does no damage.
The orc warrior hits you but does no damage.
The orc priest hits you but does no damage.
Things that are here:
a +0 club; a cursed +0 leather armour You closely miss the orc warrior.
The orc priest invokes the aid of Beogh against you.
Beogh smites you!
* * * LOW HITPOINT WARNING * * *
The orc warrior hits you with a +0 glaive!
You die...

#( ##.... #. #....# #.##
#####..#.## ..#
#......#.## #.# #.#..#
#.## #.####...# #...
###..##...#####..#
#..$.....##.......
#@##.###....###..#
...oooo.?........####.##
<...o##........#.# #..#
.... #.########.###..#
... ### #......## ..
#####.... # #..## ####


You could see an orc warrior, an orc priest and 3 orcs.

Vanquished Creatures
  4 two-headed ogres
  Erica (D:8)
  An unseen horror (D:8)
  Pikel (D:5)
  2 centaur skeletons (D:10)
  A gargoyle (D:9)
  2 hippogriffs
  A hungry ghost (D:8)
  Menkaure (D:5)
  4 water moccasins
  5 sky beasts
  3 orc warriors
  A black bear (D:7)
  6 ice beasts
  2 phantoms
  7 ogres
  4 centaurs
  12 bullfrogs
  3 big kobolds
  3 scorpions
  A water moccasin skeleton (D:7)
  4 killer bees (D:9)
  4 electric eels (D:8)
  4 howler monkeys
  3 crimson imps
  A bullfrog zombie (D:9)
  2 gnoll shamans
  10 orc priests
  8 hounds
  2 bullfrog skeletons
  Ijyb (D:5)
  8 orc wizards
  9 worker ants
  A hound skeleton (D:6)
  A hound zombie (D:9)
  A worker ant zombie (D:6)
  7 adders
  15 gnolls
  A shadow imp (D:6)
  An ooze (D:2)
  2 adder zombies
  An adder skeleton (D:5)
  3 worms
  2 dart slugs (D:3)
  5 leopard geckos
  69 orcs
  6 bats
  4 giant cockroaches
  3 goblins
  6 hobgoblins
  3 jackals
  25 kobolds
  2 quokkas
  A ball python (D:2)
  7 frilled lizards
  6 rats
293 creatures vanquished.

Vanquished Creatures (others)
  An adder (D:5)
  A quokka (D:5)
  2 plants (D:8)
4 creatures vanquished.

Grand Total: 297 creatures vanquished

Notes
Turn   | Place    | Note
-------+----------+-------------------------------------------
     0 | D:1      | kae the Minotaur Fighter began the quest for the Orb.
     0 | D:1      | Reached XP level 1. HP: 19/19 MP: 0/0
   328 | D:1      | Reached skill level 3 in Maces & Flails
   547 | D:2      | Reached XP level 2. HP: 27/27 MP: 1/1
   654 | D:2      | Reached XP level 3. HP: 18/33 MP: 2/2
   661 | D:2      | Reached skill level 4 in Maces & Flails
  1021 | D:2      | Reached XP level 4. HP: 41/41 MP: 3/3
  1282 | D:2      | Found a shimmering blue altar of Sif Muna.
  1574 | D:2      | Found a bloodstained altar of Trog.
  1869 | D:3      | Reached skill level 5 in Maces & Flails
  2143 | D:3      | Found a blossoming altar of Fedhas.
  2151 | D:3      | Reached skill level 5 in Fighting
  2151 | D:3      | Reached XP level 5. HP: 42/48 MP: 4/4
  2176 | D:3      | Reached skill level 6 in Maces & Flails
  2549 | D:4      | Noticed an ogre
  2554 | D:4      | Killed an ogre
  2554 | D:4      | Reached XP level 6. HP: 51/57 MP: 5/5
  2565 | D:4      | Reached skill level 7 in Maces & Flails
  2986 | D:4      | Reached XP level 7. HP: 61/63 MP: 6/6
  3442 | D:5      | Entered Level 5 of the Dungeon
  3488 | D:5      | Found a staircase to the Ecumenical Temple.
  3518 | Temple   | Entered the Ecumenical Temple
  3712 | Temple   | Became a worshipper of Warmaster Okawaru
  3748 | D:5      | Noticed Menkaure
  3753 | D:5      | Found Ebidi's Distillery.
  3753 | D:5      | Noticed Ijyb
  3760 | D:5      | Killed Menkaure
  3760 | D:5      | Reached skill level 8 in Maces & Flails
  3771 | D:5      | Killed Ijyb
  3992 | D:5      | Bought a potion of heal wounds for 65 gold pieces
  3992 | D:5      | Bought a potion of degeneration for 13 gold pieces
  3995 | D:5      | Found Imez's Food Boutique.
  4015 | D:5      | Reached * piety under Okawaru
  4015 | D:5      | Reached skill level 9 in Maces & Flails
  4089 | D:5      | Noticed Pikel
  4102 | D:5      | Killed Pikel
  4102 | D:5      | Reached ** piety under Okawaru
  4102 | D:5      | Reached skill level 10 in Maces & Flails
  4102 | D:5      | Reached XP level 8. HP: 74/74 MP: 7/7
  4240 | D:5      | Found a white marble altar of Elyvilon.
  4655 | D:6      | Reached skill level 1 in Invocations
  4689 | D:6      | Found Zuxi's Serpentskin Sales.
  4693 | D:6      | Reached skill level 11 in Maces & Flails
  4708 | D:6      | Reached *** piety under Okawaru
  4708 | D:6      | Reached XP level 9. HP: 56/82 MP: 9/9
  5310 | D:6      | Found a shattered altar of Ashenzari.
  5375 | D:6      | Received a gift from Okawaru
  5963 | D:7      | Reached skill level 12 in Maces & Flails
  6011 | D:7      | Found an opulent altar of Gozag.
  6319 | D:7      | Reached **** piety under Okawaru
  6619 | D:7      | Found a shadowy altar of Dithmenos.
  6790 | D:8      | Found Ohoite Silo's Antique Armour Boutique.
  6843 | D:8      | Noticed Erica
  6861 | D:8      | Killed Erica
  6861 | D:8      | Reached skill level 10 in Fighting
  6861 | D:8      | Reached skill level 13 in Maces & Flails
  6861 | D:8      | Reached XP level 10. HP: 9/93 MP: 12/12
  7384 | D:8      | Bought a pair of dazzling gloves for 228 gold pieces
  7389 | D:8      | Identified the +1 pair of gloves "Okaetwat" {rN+} (You
                  | bought it in a shop on level 8 of the Dungeon)
  7421 | D:8      | Reached skill level 5 in Invocations
  7468 | D:8      | Killed an unseen horror
  7468 | D:8      | Reached ***** piety under Okawaru
  7566 | D:8      | Found a sparkling altar of Nemelex Xobeh.
  7583 | D:8      | Received a gift from Okawaru
  8231 | D:8      | Reached skill level 14 in Maces & Flails
  8278 | D:8      | Found Utsoup's Magic Scroll Emporium.
  8283 | D:8      | Bought a scroll of identify for 26 gold pieces
  9051 | D:8      | Found Fujeop's Distillery.
  9322 | D:9      | Noticed a two-headed ogre
  9330 | D:9      | Noticed a two-headed ogre
  9331 | D:9      | Killed a two-headed ogre
  9674 | D:8      | Killed a two-headed ogre
  9674 | D:8      | Reached XP level 11. HP: 38/102 MP: 14/14
 10008 | D:9      | Received a gift from Okawaru
 10201 | D:9      | Got a slimy crystal plate armour {god gift}
 10212 | D:9      | Identified the +1 crystal plate armour of Bainarph {rPois
                  | MP-9 Dex+10} (Okawaru gifted it to you on level 9 of the
                  | Dungeon)
 10305 | D:9      | Reached skill level 15 in Maces & Flails
 10313 | D:9      | Found a staircase to the Orcish Mines.
 10467 | D:9      | Found a staircase to the Lair.
 10533 | D:9      | Found a radiant altar of Vehumet.
 10534 | D:9      | Found a burning altar of Makhleb.
 10740 | D:10     | Entered Level 10 of the Dungeon
 10928 | D:10     | Noticed a two-headed ogre
 10946 | D:10     | Killed a two-headed ogre
 11138 | D:10     | Noticed a two-headed ogre
 11151 | D:10     | HP: 5/104 [two-headed ogre/+0 giant club (22)]
 11152 | D:10     | Killed a two-headed ogre
 11157 | D:10     | Slain by an orc warrior

Levels and vault maps discovered:
D:1:      minmay_arrival_semitransparent, layout_loops_ring
D:2:      layout_loops_ring, lemuel_blue_sif_altar, marbit_many_paths,
          first_ration
D:3:      layout_rooms, lemuel_round_altar
D:4:      layout_loops_ring, minivault_25
D:5:      layout_loops_ring, elyvilon_altar_4, minmay_temple_entry_trees,
          serial_shops, shop, shop, uniq_menkaure, uniq_ijyb, uniq_pikel
D:6:      layout_loops_ring, evilmike_ruin_ashenzari, guppyfry_shop_venom
D:7:      layout_loops_ring, old_standard_altar, grunt_gozag_statues,
          kennysheep_generic_room_9
D:8:      layout_cave_pools, lemuel_crystal_altar, serial_shops,
          kennysheep_little_box, shop, shop, corexii_hall_statues_t,
          serial_bayou_lagoon_b, uniq_erica
D:9:      layout_cross, grunt_temple_overflow_lords_of_destruction,
          lair_entry_dummy, hiddenorc2_lemuel
D:10:     layout_rooms
Temple:   minmay_temple_bridge_abc

Skill      XL: |  1  2  3  4  5  6  7  8  9 10 11 |
---------------+----------------------------------+-----
Maces & Flails | 3 4 5 6 7 10 11 13 14 15 | 15.6
Fighting       | 4 5 6 8 10 11 12 | 12.0
Invocations    | 2 4 6 7 |  7.5
Armour         | |  3.6
Shields        | |  3.6

Action                   |  1- 3 |  4- 6 |  7- 9 | 10-12 || total
-------------------------+-------+-------+-------+-------++-------
Melee: Flail             |    61 |   171 |     5 |       ||   237
       Headbutt          |    13 |    20 |    49 |    72 ||   154
       Dire flail        |       |       |   284 |   102 ||   386
       Great mace        |       |       |       |   217 ||   217
Evoke: Wand              |       |       |       |     1 ||     1
  Use: Scroll            |       |     3 |     7 |     9 ||    19
       Potion            |       |       |     3 |     3 ||     6
  Eat: Chunk             |       |     7 |    14 |    17 ||    38
       Ration            |       |       |       |     1 ||     1
Armor: Scale mail        |    18 |       |       |       ||    18
       Plate armour      |     2 |   114 |   179 |   176 ||   471
       Crystal plate arm |       |       |       |    95 ||    95
Dodge: Dodged            |    10 |    21 |    95 |    88 ||   214
Block: Kite shield       |    31 |    84 |     4 |       ||   119

Table legend:
 A = Non-vault XP
 B = Vault XP
 C = Vault XP percentage of total XP
 D = Non-vault monster count
 E = Vault monster count
 F = Vault count percentage of total count
                 A         B        C        D         E       F
            +---------+---------+-------+---------+---------+-------
      Total |   14205 |    2564 |  15.3 |     251 |      42 |  14.3
            +---------+---------+-------+---------+---------+-------
        D:1 |      11 |       0 |   0.0 |       6 |       0 |   0.0
        D:2 |     116 |       2 |   1.7 |      33 |       1 |   2.9
        D:3 |     176 |       0 |   0.0 |      22 |       0 |   0.0
        D:4 |     442 |       0 |   0.0 |      15 |       0 |   0.0
        D:5 |     629 |     794 |  55.8 |      18 |       3 |  14.3
        D:6 |     718 |     458 |  38.9 |      20 |       4 |  16.7
        D:7 |    1416 |       0 |   0.0 |      21 |       0 |   0.0
        D:8 |    4686 |     929 |  16.5 |      65 |       3 |   4.4
        D:9 |    2330 |     381 |  14.1 |      23 |      31 |  57.4
       D:10 |    3681 |       0 |   0.0 |      28 |       0 |   0.0
            +---------+---------+-------+---------+---------+-------
